 Dungeon Crawl Stone Soup version 0.28.0-43-g3370ac3207 (webtiles) character file.

Game seed: 13085889081495399934

275427 tizbic2 the Convoker (level 20, -7/226 HPs)
             Began as an Ogre Summoner on Mar 13, 2022.
             Was the Champion of Ashenzari.
             Splashed with acid (37 damage)
             ... on level 5 of the Pits of Slime on Mar 14, 2022.
             The game lasted 04:46:05 (41768 turns).

tizbic2 the Convoker (Ogre Summoner)               Turns: 41768, Time: 04:46:05

Health: -7/226     AC:  9    Str: 20    XL:     20   Next: 34%
Magic:  6/44       EV:  8    Int: 28    God:    Ashenzari [******]
Gold:   371        SH: 18    Dex: 11    Spells: 9/59 levels left

rFire   + + .      SeeInvis +   y - staff of air (curse) {Evo, Fort}
rCold   . . .      Faith    .   x - +1 kite shield of the Mantic God {reflect, Self, Fort} (curse)
rNeg    + . .      Spirit   .   W - +0 pearl dragon scales of the Ruined Free Will {rN+, Cun, Comp} (curse)
rPois   .          Reflect  +   l - +3 crown of Dyrovepreva {rElec Int+2 SInv, Alch, Comp} (curse)
rElec   +          Harm     .   k - +0 cloak "Tethered Paranoia" {Self, Range} (curse)
rCorr   .          Rampage  .   (gloves unavailable)
Will    +....      Clarity  +   (boots unavailable)
Stlth   +.........              B - amulet "Ruined Sorrow" {Reflect SH+5, Fort, Evo} (curse)
HPRegen 1.27/turn               T - ring "Enigmatic Visionary" {rF++ Will- Str+3 Int+6, Self, Evo} (curse)
MPRegen 0.29/turn               r - ring of the Unyielding Gaze {AC+4, Fort, Elem} (curse)

@: corroded, unable to read
A: large, unfitting armour, tough skin 1, thin skeletal structure 1, deformed
body, dopey 1, regeneration 1, subdued magic 1, inability to read while
threatened
}: 2/15 runes: barnacled, gossamer
a: Renounce Religion, Shatter the Chains


You were on level 5 of the Pits of Slime.
You worshipped Ashenzari.
Ashenzari was exalted by your worship.
You visited 8 branches of the dungeon, and saw 36 of its levels.
You also visited: Bailey.

You collected 2859 gold pieces.
You spent 2488 gold pieces at shops.

Inventory:

Missiles
 i - 4 throwing nets (quivered)
Armour
 k - the cursed +0 cloak "Tethered Paranoia" (worn) {Self, Range}
   (You found it on level 5 of the Dungeon)

   It has a curse which improves the following skills: Introspection: Fighting
   and Spellcasting.
   Ranged Combat: Slings, Bows, Crossbows and Throwing.
 l - the cursed +3 crown of Dyrovepreva (worn) {rElec Int+2 SInv, Alch, Comp}
   (You bought it in a shop on level 1 of the Elven Halls)

   Int:       It affects your intelligence (+2).
   rElec:     It insulates you from electricity.
   SInv:      It lets you see invisible.
   It has a curse which improves the following skills: Alchemy: Poison Magic and
   Transmutations.
   Companions: Summonings and Necromancy.
 x - the cursed +1 kite shield of the Mantic God (worn) {reflect, Self, Fort}
   (You found it on level 4 of the Dungeon)

   It has a curse which improves the following skills: Introspection: Fighting
   and Spellcasting.
   Fortitude: Armour and Shields.
 W - the cursed +0 pearl dragon scales of the Ruined Free Will (worn) {rN+, Cun, Comp}
   (You found it on level 3 of the Spider Nest)

   rN:        It protects you from negative energy.
   It has a curse which improves the following skills: Cunning: Dodging and
   Stealth.
   Companions: Summonings and Necromancy.
Magical Staves
 y - a cursed staff of air (weapon) {Evo, Fort}
 X - a staff of air
Jewellery
 c - a ring of flight
 d - the amulet of Xasiff {Reflect SH+5 SInv}
   (You found it on level 4 of the Shoals)

   [amulet of reflection]

   It reflects blocked missile attacks.
   SInv:      It lets you see invisible.
   SH:        It affects your SH (+5).
 r - the cursed ring of the Unyielding Gaze (right hand) {AC+4, Fort, Elem}
   (You found it on level 4 of the Dungeon)

   [ring of protection]

   AC:        It affects your AC (+4).
   It has a curse which improves the following skills: Fortitude: Armour and
   Shields.
   Elements:  Fire Magic, Ice Magic, Air Magic and Earth Magic.
 B - the cursed amulet "Ruined Sorrow" (around neck) {Reflect SH+5, Fort, Evo}
   (You found it on level 6 of the Dungeon)

   [amulet of reflection]

   It reflects blocked missile attacks.
   SH:        It affects your SH (+5).
   It has a curse which improves the following skills: Fortitude: Armour and
   Shields.
   Evocations: Evocations.
 H - a ring of protection from fire
 L - a +6 ring of intelligence
 P - a +6 ring of intelligence
 R - a +4 ring of protection
 T - the cursed ring "Enigmatic Visionary" (left hand) {rF++ Will- Str+3 Int+6, Self, Evo}
   (You bought it in a shop on level 11 of the Dungeon)

   [ring of intelligence]

   Str:       It affects your strength (+3).
   Int:       It affects your intelligence (+6).
   rF:        It greatly protects you from fire.
   Will:      It decreases your willpower.
   It has a curse which improves the following skills: Introspection: Fighting
   and Spellcasting.
   Evocations: Evocations.
Wands
 b - a wand of charming (11)
 m - a wand of digging (9)
 D - a wand of mindburst (10)
 N - a wand of acid (11)
 O - a wand of iceblast (8)
 Q - a wand of polymorph (8)
 S - a wand of flame (7)
 U - a wand of paralysis (8)
Scrolls
 f - 4 scrolls of fear
 j - 2 scrolls of blinking
 n - 9 scrolls of teleportation
 p - a scroll of enchant armour
 s - 6 scrolls of brand weapon
 v - a scroll of holy word
 A - 4 scrolls of magic mapping
 E - 5 scrolls of fog
 G - a scroll of immolation
 I - a scroll of silence
 K - 2 scrolls of amnesia
 Y - 2 scrolls of enchant weapon
Potions
 g - 8 potions of curing
 q - 2 potions of might
 t - 7 potions of ambrosia
 u - 7 potions of resistance
 w - a potion of mutation
 z - 5 potions of flight
 C - 2 potions of cancellation
 F - 4 potions of brilliance
 J - a potion of invisibility
 M - a potion of lignification
 V - a potion of berserk rage
 Z - a potion of haste
Miscellaneous
 e - a condenser vane
 h - a phial of floods
 o - a tin of tremorstones (2/2)


   Skills:
 + Level 14.1(19.2) Fighting
 - Level 4.9 Axes
 - Level 0.4(7.5) Maces & Flails
 - Level 11.9(12.0) Staves
 + Level 8.8(14.9) Armour
 - Level 3.1(5.4) Dodging
 - Level 1.4(3.1) Stealth
 - Level 7.9(14.0) Shields
 + Level 15.1(20.1) Spellcasting
 - Level 4.2 Hexes
 * Level 18.0(21.7) Summonings
 - Level 2.2(5.1) Necromancy
 - Level 5.0 Translocations
 + Level 10.8(13.4) Air Magic
 - Level 7.8(12.9) Evocations


You had 9 spell levels left.
You knew the following spells:

 Your Spells              Type           Power      Damage    Failure   Level
a - Apportation           Tloc           86%        N/A       1%          1
b - Call Canine Familiar  Summ           86%        N/A       0%          3
c - Summon Lightning Spi  Summ/Air       98%        N/A       1%          4
d - Summon Guardian Gole  Hex/Summ       67%        N/A       1%          3
e - Tukima's Dance        Hex            40%        N/A       1%          3
f - Anguish               Hex/Necr       21%        N/A       6%          4
g - Ensorcelled Hibernat  Hex/Ice        62%        N/A       2%          2
h - Summon Cactus Giant   Summ           43%        N/A       1%          6
i - Monstrous Menagerie   Summ           43%        N/A       1%          7
j - Blink                 Tloc           86%        N/A       1%          2
k - Summon Hydra          Summ           43%        N/A       1%          7
l - Airstrike             Air            44%        N/A       1%          4
m - Passage of Golubria   Tloc           43%        N/A       5%          4

Your spell library contained the following spells:

 Spells                   Type           Power      Damage    Failure   Level
 Summon Small Mammal      Summ           100%       N/A       0%          1
 Call Imp                 Summ           86%        N/A       0%          2
 Animate Skeleton         Necr           88%        N/A       1%          1
 Pain                     Necr           100%       1d9       1%          1
 Corpse Rot               Necr/Air       100%       N/A       1%          2
 Sublimation of Blood     Necr           44%        N/A       1%          2
 Lesser Beckoning         Tloc           43%        N/A       1%          3
 Mephitic Cloud           Conj/Pois/Air  58%        N/A       1%          3
 Foxfire                  Conj/Fire      88%        2x1d8     4%          1
 Magic Dart               Conj           84%        1d7       4%          1
 Inner Flame              Hex/Fire       31%        N/A       4%          3
 Animate Dead             Necr           22%        N/A       5%          4
 Wereblood                Tmut           23%        N/A       6%          2
 Lightning Bolt           Conj/Air       33%        1d50      8%          5
 Spider Form              Tmut/Pois      23%        N/A       12%         3
 Conjure Flame            Conj/Fire      22%        6-21      13%         3
 Manifold Assault         Tloc           43%        N/A       17%         5
 Ice Form                 Ice/Tmut       23%        N/A       38%         4
 Olgreb's Toxic Radiance  Pois           23%        N/A       38%         4
 Flame Wave               Conj/Fire      22%        2d7       41%         4
 Hailstorm                Conj/Ice       22%        3d7       41%         4
 Spellforged Servitor     Conj/Summ      31%        N/A       45%         7
 Yara's Violent Unravell  Hex/Tmut       15%        3d8       47%         5
 Dragon's Call            Summ           43%        N/A       54%         9
 Simulacrum               Ice/Necr       16%        N/A       94%         6
 Storm Form               Tmut/Air       33%        N/A       94%         7
 Enfeeble                 Hex            20%        N/A       100%        7
 Orb of Destruction       Conj           10%        9d6       100%        7
 Ozocubu's Refrigeration  Ice            11%        4d7       100%        7
 Ignition                 Fire           11%        3d5       100%        8


Dungeon Overview and Level Annotations

Branches:
Dungeon (11/15)            Temple (1/1) D:6            Lair (6/6) D:10
 Shoals (4/4) Lair:4       Spider (4/4) Lair:3        Slime (5/5) Lair:6
    Orc (2/2) D:11            Elf (3/3) Orc:2        Bailey (visited)

Altars:
Ashenzari
Cheibriados
Dithmenos
Elyvilon
Fedhas
Gozag
Hepliaklqana
Kikubaaqudgha
Makhleb
Nemelex Xobeh
Okawaru
Qazlal
Ru
Sif Muna
Trog
Uskayaw
Vehumet
Wu Jian
Xom
Yredelemnul
Zin
The Shining One
Beogh
Jiyva

Shops:
D:11 =   Orc:2 ([*=   Elf:1 :[[?   Elf:2 ([[   Shoals:1 [

Annotations:
Slime:5 Royal Jelly
Orc:2 1 runed translucent door, issech's ghost, journeyman TrMo


Innate Abilities, Weirdness & Mutations

You are too large for most types of armour.
You have tough skin. (AC +1)
You have a somewhat thin skeletal structure. (Dex +2, Stealth+)
Armour fits poorly on your strangely shaped body.
You are dopey. (Int -2)
Your natural rate of healing is unusually fast.
Your spells are a little easier to cast, but a little less powerful.
You sometimes lose the ability to read scrolls when taking damage.


Message History

You block the rockslime's attack.
A great orb of eyes comes into view.
Casting: Summon Hydra (mildly dangerous; 1% risk of failure)
Confirm with . or Enter, or press ? or * to list all spells.
A five-headed hydra appears.
The great orb of eyes turns its gaze towards you.
You block the rockslime's attack.
You completely miss the rockslime.
The rockslime is severely wounded.
You block the rockslime's attack.
Unknown command.
You hit the rockslime but do no damage.
The rockslime is electrocuted.
The rockslime is severely wounded.
Your five-headed hydra bites the rockslime but does no damage.
Your five-headed hydra bites the rockslime!
Your five-headed hydra barely misses the rockslime.
Your five-headed hydra bites the rockslime but does no damage.
Your five-headed hydra barely misses the rockslime.
The rockslime hits your five-headed hydra!!
Your five-headed hydra stumbles backwards!
You hit the rockslime but do no damage.
The rockslime is electrocuted.
The rockslime is almost dead.
The great orb of eyes gazes at you.
You suddenly lose the ability to move!
The rockslime hits you!
You are shoved backwards!
The rockslime hits you!!
You are shoved backwards!
The rockslime hits you!!
* * * LOW HITPOINT WARNING * * *
You are shoved backwards!
The rockslime hits you!!
* * * LOW HITPOINT WARNING * * *
You are shoved backwards!
The rockslime hits you!!
* * * LOW HITPOINT WARNING * * *
You are shoved backwards!
You can move again.
Okay, then.
You cannot read scrolls in your current state!
You feel better.
You are splashed with acid!!!
You die...

......##### *,*
......###### *,#
.......#######*.#
.........######.###
.{........##......###
{......<.........####
{..............######
................#####
................@####
.........J.....J.####
................^####
..........G...D..####
..................###
..................##
..................#
..................#*
...................#


You could see a great orb of eyes, 2 rockslimes and a friendly five-headed hydra
(summoned).

Vanquished Creatures
  3 acid blobs
  2 azure jellies
  2 emperor scorpions (Spider:4)
  6 ghost moths
  An orc warlord (Orc:2)
  A quicksilver ooze (Slime:4)
  A merfolk javelineer (Shoals:4)
  A great orb of eyes (Slime:3)
  A catoblepas (Lair:6)
  3 boulder beetles
  A two-headed ogre (D:7)
  A satyr (Shoals:4)
  2 dancing weapons (Elf:2)
  A death scarab (Spider:3)
  6 deep elf knights
  2 sun moths
  3 sea snakes (Shoals:4)
  An orb spider (Spider:1)
  3 deep elf archers
  3 steelbarb worms
  6 harpies
  5 deep elf zephyrmancers
  3 deep elf pyromancers
  An orc knight (Orc:1)
  7 fauns
  8 wolf spiders
  A shining eye (Slime:3)
  2 orc sorcerers
  2 moths of wrath (Spider:4)
  2 elephants (Lair:6)
  2 manticores (Shoals:2)
  3 water nymphs
  4 merfolk sirens
  Joseph (D:7)
  A torpor snail (Spider:2)
  7 cane toads
  3 komodo dragons
  2 nameless horrors
  A rime drake (Lair:6)
  7 merfolk
  4 meliai
  2 polar bears
  A troll (D:11)
  2 tyrant leeches (Spider:2)
  2 blink frogs
  4 tarantellas
  7 slime creatures
  2 hornets (Lair:6)
  5 snapping turtles
  2 spriggans (Lair:6)
  4 jumping spiders
  A water elemental (Shoals:1)
  2 wraiths
  5 yaks
  A human (Bailey)
  A wyvern (D:10)
  7 culicivoras
  A steam dragon (D:10)
  A basilisk (Lair:4)
  11 redbacks
  Menkaure (D:7)
  A vampire mosquito (Spider:2)
  11 water moccasins
  An ice beast (D:5)
  A black bear (D:7)
  9 orc warriors
  2 necrophages
  15 wolves
  A boggart (Lair:6)
  An ogre (D:5)
  6 centaurs
  A lemure (D:7)
  An elf zombie (Elf:1)
  A phantom (D:5)
  8 bullfrogs
  A scorpion (D:4)
  A water moccasin skeleton (D:4)
  A jelly (D:4)
  2 electric eels
  A bullfrog zombie (D:5)
  A centaur skeleton (D:6)
  4 orc priests
  3 hounds
  7 orc wizards
  A scorpion zombie (D:5)
  An iguana (D:5)
  7 gnolls (D:5)
  3 adders
  An ufetubus (D:7)
  A worm (D:3)
  36 orcs
  3 ball pythons
  An endoplasm (D:1)
  5 goblins
  A hobgoblin (Bailey)
  9 jackals
  4 kobolds
  5 bats
  2 frilled lizards (D:2)
338 creatures vanquished.

Vanquished Creatures (collateral kills)
  A deep elf blademaster (Elf:2)
  9 acid blobs
  Donald (Orc:2)
  4 azure jellies
  Ilsuiw (Shoals:4)
  A rockslime (Slime:3)
  5 emperor scorpions
  Louise (Spider:4)
  A deep elf elementalist (Elf:3)
  3 broodmothers
  6 quicksilver oozes
  2 deep elf demonologists
  2 spark wasps
  Nessos (Lair:4)
  7 entropy weavers
  A deep elf death mage (Elf:1)
  6 merfolk javelineers
  Josephine (Spider:1)
  A deep elf high priest (Elf:3)
  6 merfolk impalers
  2 vault guards (Bailey)
  3 boulder beetles
  A catoblepas (Lair:3)
  A ghost crab (Spider:2)
  4 hydras
  2 jorogumos
  5 merfolk aquamancers
  2 two-headed ogres
  26 dancing weapons
  A satyr (Shoals:4)
  An orc high priest (Orc:2)
  4 deep elf knights
  5 sea snakes
  3 pharaoh ants
  A spriggan druid (Elf:3)
  A death drake (shapeshifter) (Elf:2)
  3 steelbarb worms
  8 orb spiders
  Pikel (D:7)
  3 necromancers (Elf:1)
  7 deep elf archers
  13 harpies
  12 deep elf pyromancers
  11 deep elf zephyrmancers
  A cyclops (shapeshifter) (Elf:2)
  2 oklob plants (Spider:2)
  A shining eye (Slime:2)
  3 orc knights (Orc:2)
  15 manticores
  13 fauns
  2 moths of wrath
  16 wolf spiders
  6 merfolk sirens
  6 orc sorcerers
  3 black mambas
  4 water nymphs
  2 eyes of devastation
  4 elephants (Lair:6)
  8 demonic crawlers
  6 cane toads
  4 torpor snails
  9 komodo dragons
  A rime drake (Lair:5)
  5 meliai
  13 merfolk
  4 polar bears
  3 wind drakes (Shoals:4)
  2 trolls
  Prince Ribbit (Bailey)
  2 tyrant leeches (Spider:2)
  3 dream sheep (Lair:6)
  8 blink frogs
  8 hornets
  25 slime creatures
  15 tarantellas
  14 snapping turtles
  18 jumping spiders
  22 culicivoras
  2 air elementals (Elf:1)
  9 spriggans
  A wyvern (Lair:3)
  3 basilisks
  7 water elementals
  4 wraiths (Spider:1)
  7 humans (Bailey)
  3 fire elementals
  10 yaks
  3 large abominations (Elf:1)
  54 redbacks
  5 vampire mosquitoes (Spider:2)
  4 wargs
  10 water moccasins
  23 orc warriors
  A black bear (shapeshifter) (Elf:1)
  4 boggarts (Lair:6)
  A necrophage (D:4)
  4 black bears
  28 wolves
  6 ogres
  A centaur (D:8)
  3 lemures (D:7)
  A kobold brigand (D:9)
  12 bullfrogs
  An elf zombie (Elf:1)
  2 earth elementals (Elf:2)
  3 gnoll sergeants
  A scorpion (D:5)
  6 killer bees (D:9)
  5 electric eels
  A howler monkey (D:5)
  20 orc priests
  A bullfrog skeleton (D:5)
  2 centaur zombies
  2 hounds (D:5)
  3 iguanas
  18 orc wizards
  4 adders
  28 gnolls
  A white imp (D:7)
  5 nameless horrors
  An ufetubus (D:5)
  2 adder skeletons (D:4)
  2 worms
  3 dart slugs
  106 orcs
  5 endoplasms
  A giant cockroach (D:1)
  6 hobgoblins
  4 jackals
  2 quokkas (D:1)
  A ball python (D:1)
  7 bats
  7 frilled lizards
  6 goblins
  7 kobolds
  3 rats
901 creatures vanquished.

Vanquished Creatures (others)
  A deep elf knight (Elf:2)
  A pharaoh ant (Spider:4)
  A steelbarb worm (Spider:1)
  A deep elf pyromancer (Elf:2)
  A tyrant leech (Spider:2)
  A jumping spider (Spider:1)
  An orc (D:4)
  2 bushes (D:10)
  20 fungi
  275 plants
304 creatures vanquished.

Grand Total: 1543 creatures vanquished

Notes
Turn   | Place    | Note
-------+----------+-------------------------------------------
     0 | D:1      | tizbic2 the Ogre Summoner began the quest for the Orb.
     0 | D:1      | Reached XP level 1. HP: 16/16 MP: 3/3
   154 | D:1      | Reached skill level 1 in Fighting
   165 | D:1      | Reached XP level 2. HP: 25/27 MP: 3/5
   370 | D:1      | Found a faded altar of an unknown god.
   859 | D:2      | Reached XP level 3. HP: 29/35 MP: 1/7
   928 | D:2      | Learned a level 3 spell: Call Canine Familiar
   947 | D:2      | Reached skill level 4 in Summonings
  1278 | D:2      | Reached XP level 4. HP: 21/44 MP: 6/8
  1304 | D:2      | Reached skill level 1 in Air Magic
  1824 | D:2      | Learned a level 4 spell: Summon Lightning Spire
  2222 | D:3      | Reached XP level 5. HP: 53/53 MP: 7/9
  3631 | D:4      | Reached XP level 6. HP: 42/62 MP: 8/11
  3929 | D:4      | Noticed a necrophage
  3955 | D:4      | Killed a necrophage
  3956 | D:4      | Reached skill level 5 in Summonings
  4227 | D:4      | Reached XP level 7. HP: 53/71 MP: 7/13
  4339 | D:4      | Learned a level 3 spell: Summon Guardian Golem
  4922 | D:5      | Entered Level 5 of the Dungeon
  5034 | D:5      | Reached skill level 1 in Shields
  5138 | D:5      | Reached skill level 5 in Fighting
  5435 | D:5      | Reached XP level 8. HP: 80/80 MP: 1/14
  5472 | D:5      | Reached skill level 6 in Summonings
  5624 | D:5      | Noticed a nameless horror
  5648 | D:5      | Killed a nameless horror
  5953 | D:5      | Identified the +4 ring mail "Ziosit" {Rampage rN+ MP-9}
  6062 | D:5      | Reached skill level 5 in Spellcasting
  7409 | D:5      | Reached skill level 1 in Axes
  7438 | D:5      | Reached XP level 9. HP: 81/89 MP: 14/17
  7480 | D:5      | Found an ornate altar of the Wu Jian Council.
  7816 | D:6      | Found a staircase to the Ecumenical Temple.
  7825 | Temple   | Entered the Ecumenical Temple
  8163 | Temple   | Became a worshipper of Ashenzari the Shackled
  8355 | D:6      | Reached skill level 7 in Summonings
  8585 | D:6      | Found a burning altar of Makhleb.
  8613 | D:6      | Found a snail-covered altar of Cheibriados.
  8616 | D:6      | Found a sacrificial altar of Ru.
  8831 | D:6      | Reached * piety under Ashenzari
  8834 | D:6      | Gained mutation: You occasionally shout uncontrollably at
                  | your foes. [potion of mutation]
  8834 | D:6      | Gained mutation: You are frail. (-10% HP) [potion of
                  | mutation]
  8834 | D:6      | Gained mutation: You have supernaturally acute eyesight.
                  | (SInv) [potion of mutation]
  8835 | D:6      | Lost mutation: You occasionally shout uncontrollably at
                  | your foes. [potion of mutation]
  8835 | D:6      | Lost mutation: You have supernaturally acute eyesight.
                  | (SInv) [potion of mutation]
  8835 | D:6      | Gained mutation: You have sharp fingernails. [potion of
                  | mutation]
  8835 | D:6      | Lost mutation: You are frail. (-10% HP) [potion of
                  | mutation]
  8835 | D:6      | Gained mutation: Your movements are slightly less
                  | encumbered by armour. (ER -2) [potion of mutation]
  9212 | D:6      | Found a stormy altar of Qazlal.
  9423 | D:7      | Noticed a two-headed ogre
  9437 | D:7      | Killed a two-headed ogre
  9438 | D:7      | Reached skill level 5 in Shields
  9742 | D:7      | Noticed Menkaure
  9754 | D:7      | Killed Menkaure
  9770 | D:7      | Noticed Pikel
  9837 | D:7      | Killed Pikel
  9838 | D:7      | Reached skill level 1 in Hexes
  9838 | D:7      | Reached XP level 10. HP: 52/104 MP: 12/20
 10051 | D:7      | Reached ** piety under Ashenzari
 10118 | D:7      | Noticed a two-headed ogre
 10127 | D:7      | Killed a two-headed ogre
 10128 | D:7      | Reached skill level 8 in Summonings
 10454 | D:7      | Noticed Joseph
 10476 | D:7      | Killed Joseph
 10818 | D:8      | Reached *** piety under Ashenzari
 11490 | D:8      | Found a blossoming altar of Fedhas.
 11498 | D:8      | Reached **** piety under Ashenzari
 11512 | D:8      | Found a hide-covered altar of Uskayaw.
 11514 | D:8      | Found a basalt altar of Yredelemnul.
 11519 | D:8      | Found an iron altar of Okawaru.
 11769 | D:8      | Learned a level 3 spell: Tukima's Dance
 11926 | D:9      | Reached skill level 5 in Air Magic
 11926 | D:9      | Reached ***** piety under Ashenzari
 12270 | D:9      | Found a flagged portal.
 12275 | D:9      | Reached XP level 11. HP: 92/120 MP: 25/25
 12286 | Bailey   | Entered a bailey
 12323 | Bailey   | Reached skill level 1 in Evocations
 12351 | Bailey   | Identified a scroll of acquirement
 12381 | Bailey   | Noticed a vault guard
 12382 | Bailey   | Noticed Prince Ribbit
 12411 | Bailey   | Killed Prince Ribbit
 12443 | Bailey   | Identified the cursed +0 cloak "Tethered Paranoia" {Self,
                  | Range} (You found it on level 5 of the Dungeon)
 12443 | Bailey   | Identified the cursed +0 robe "Cursed With Me" {Evo, Bglg}
                  | (You found it on level 2 of the Dungeon)
 12443 | Bailey   | HP: 3/123 [vault guard/+0 broad axe (11)]
 12450 | Bailey   | HP: 4/123 [vault guard/+0 broad axe (21)]
 12479 | Bailey   | HP: 6/123 [vault guard/+0 broad axe (20)]
 12482 | Bailey   | Killed a vault guard
 12483 | Bailey   | Reached skill level 9 in Summonings
 13145 | Bailey   | Lost mutation: You have sharp fingernails. [potion of
                  | mutation]
 13145 | Bailey   | Lost mutation: Your movements are slightly less encumbered
                  | by armour. (ER -2) [potion of mutation]
 13145 | Bailey   | Gained mutation: You passively dampen the noise of your
                  | surroundings. [potion of mutation]
 13145 | Bailey   | Gained mutation: Your spells are a little easier to cast,
                  | but a little less powerful. [potion of mutation]
 13145 | Bailey   | Gained mutation: You are robust. (+10% HP) [potion of
                  | mutation]
 13151 | Bailey   | Learned a level 4 spell: Anguish
 13479 | Bailey   | Noticed a vault guard
 13508 | Bailey   | Killed a vault guard
 13526 | Bailey   | Acquired a +1 hat of see invisible
 13926 | D:10     | Entered Level 10 of the Dungeon
 14392 | D:10     | Found a staircase to the Lair.
 14429 | D:10     | Noticed a two-headed ogre
 14441 | D:10     | Killed a two-headed ogre
 14564 | D:10     | Reached ****** piety under Ashenzari
 14833 | Lair:1   | Entered Level 1 of the Lair of Beasts
 14941 | Lair:1   | Reached skill level 1 in Staves
 14965 | Lair:1   | Reached XP level 12. HP: 146/146 MP: 23/27
 14990 | Lair:1   | Learned a level 2 spell: Ensorcelled Hibernation
 15690 | Lair:2   | Reached skill level 10 in Summonings
 15777 | Lair:2   | Noticed a seven-headed hydra
 15786 | Lair:2   | Killed a seven-headed hydra
 15799 | Lair:2   | Acquired Bickuis's Almanac of Summoning
 15808 | Lair:2   | Learned a level 6 spell: Summon Cactus Giant
 15816 | Lair:2   | Learned a level 7 spell: Monstrous Menagerie
 16331 | Lair:2   | Noticed a boulder beetle
 16340 | Lair:2   | Killed a boulder beetle
 16341 | Lair:2   | Reached skill level 5 in Staves
 16880 | Lair:3   | Noticed a boulder beetle
 16909 | Lair:3   | Reached XP level 13. HP: 123/155 MP: 6/29
 17076 | Lair:3   | Found a hole to the Spider Nest.
 17155 | Lair:3   | Reached skill level 11 in Summonings
 17293 | Lair:3   | Identified the +5 hand axe of Impatience {drain, rC+ Will+
                  | Int+3}
 17624 | Lair:4   | Noticed Nessos
 18250 | Lair:4   | Killed Nessos
 19129 | Lair:4   | Found a staircase to the Shoals.
 19928 | Lair:5   | Reached skill level 5 in Evocations
 20110 | Lair:6   | Entered Level 6 of the Lair of Beasts
 20525 | Lair:6   | Reached skill level 12 in Summonings
 20561 | Lair:6   | Reached skill level 10 in Spellcasting
 20561 | Lair:6   | Reached XP level 14. HP: 165/165 MP: 22/31
 21098 | Lair:6   | Found a viscous altar of Jiyva.
 21099 | Lair:6   | Found a staircase to the Slime Pits.
 21459 | D:11     | Found a staircase to the Orcish Mines.
 21579 | D:11     | Learned a level 2 spell: Blink
 21973 | D:11     | Found Gatzyiso's Jewellery Boutique.
 22148 | Orc:1    | Entered Level 1 of the Orcish Mines
 22659 | Orc:2    | Entered Level 2 of the Orcish Mines
 22780 | Orc:2    | Noticed Donald
 22789 | Orc:2    | Killed Donald
 22899 | Orc:2    | Reached skill level 1 in Armour
 23093 | Orc:2    | Noticed an orc warlord
 23119 | Orc:2    | Killed an orc warlord
 23153 | Orc:2    | Paralysed by an orc sorcerer for 7 turns
 23162 | Orc:2    | Found Ruogeig's Antique Armour Shop.
 23293 | Orc:2    | Found Luesch's Jewellery Shop.
 23329 | Orc:2    | Found Richana's Antique Weapon Shop.
 23345 | Orc:2    | Found Bucojeuc's General Store.
 23353 | Orc:2    | Bought a scroll of fear for 63 gold pieces
 23353 | Orc:2    | Bought a scroll of fog for 36 gold pieces
 23379 | Orc:2    | Found a runed translucent door.
 23380 | Orc:2    | Noticed issech's ghost (journeyman TrMo)
 23433 | Orc:2    | Found a staircase to the Elven Halls.
 23886 | D:11     | Bought the ring "Tuqutid" {rF++ Will- Str+3 Int+6} for 1106
                  | gold pieces
 24043 | Spider:1 | Entered Level 1 of the Spider Nest
 24099 | Spider:1 | Reached skill level 13 in Summonings
 24188 | Spider:1 | Noticed Josephine
 24208 | Spider:1 | Reached skill level 10 in Staves
 24213 | Spider:1 | Noticed a ghost moth
 24371 | Lair:3   | Killed a ghost moth
 24681 | Spider:1 | Killed Josephine
 24888 | Spider:1 | Noticed an entropy weaver
 24980 | Spider:1 | Reached XP level 15. HP: 169/171 MP: 20/33
 25451 | Spider:2 | Identified the +0 chain mail of Marbles {Harm rElec Will+}
 25618 | Spider:2 | Noticed an emperor scorpion
 25636 | Spider:2 | Killed an emperor scorpion
 25811 | Spider:2 | Noticed a ghost moth
 25824 | Spider:2 | Killed a ghost moth
 26015 | Spider:2 | Learned a level 1 spell: Apportation
 26362 | Spider:2 | Noticed an emperor scorpion
 26375 | Spider:2 | Killed an emperor scorpion
 26863 | Spider:2 | Reached skill level 14 in Summonings
 27391 | Spider:2 | Reached XP level 16. HP: 137/189 MP: 22/37
 27537 | Spider:2 | Learned a level 9 spell: Dragon's Call
 27940 | Spider:3 | Identified the +4 flail "Taqeidiy" {vorpal, Int+3}
 27953 | Spider:3 | Learned a level 4 spell: Airstrike
 28024 | Spider:3 | Learned a level 7 spell: Summon Hydra
 28234 | Spider:3 | Reached skill level 5 in Armour
 28234 | Spider:3 | Reached XP level 17. HP: 196/196 MP: 37/37
 28251 | Spider:4 | Entered Level 4 of the Spider Nest
 28867 | Spider:4 | Reached skill level 15 in Summonings
 29146 | Spider:4 | Noticed Louise
 29174 | Spider:4 | Killed Louise
 29773 | Spider:4 | Reached skill level 10 in Fighting
 31087 | Spider:4 | Got a gossamer rune of Zot
 31333 | Shoals:1 | Entered Level 1 of the Shoals
 31388 | Shoals:1 | Found Nialua's Antique Armour Boutique.
 31523 | Shoals:1 | Reached XP level 18. HP: 202/215 MP: 26/40
 32768 | Shoals:2 | Reached skill level 16 in Summonings
 33672 | Shoals:3 | Lost mutation: You are robust. (+10% HP) [potion of
                  | mutation]
 33672 | Shoals:3 | Lost mutation: Your spells are a little easier to cast, but
                  | a little less powerful. [potion of mutation]
 33672 | Shoals:3 | Lost mutation: You passively dampen the noise of your
                  | surroundings. [potion of mutation]
 33672 | Shoals:3 | Gained mutation: Your flesh is cold resistant. (rC+)
                  | [potion of mutation]
 33672 | Shoals:3 | Gained mutation: Your spells are a little easier to cast,
                  | but a little less powerful. [potion of mutation]
 33673 | Shoals:3 | Lost mutation: Your flesh is cold resistant. (rC+) [potion
                  | of mutation]
 33673 | Shoals:3 | Lost mutation: Your spells are a little easier to cast, but
                  | a little less powerful. [potion of mutation]
 33673 | Shoals:3 | Gained mutation: You have a somewhat thin skeletal
                  | structure. (Dex +2, Stealth+) [potion of mutation]
 33673 | Shoals:3 | Gained mutation: Armour fits poorly on your strangely
                  | shaped body. [potion of mutation]
 33673 | Shoals:3 | Gained mutation: Your natural rate of healing is unusually
                  | fast. [potion of mutation]
 33720 | Shoals:4 | Entered Level 4 of the Shoals
 33833 | Shoals:4 | Identified the +6 mace "Kisin" {vorpal, Str+2 Dex+4}
 33844 | Shoals:4 | Reached skill level 1 in Translocations
 33885 | Shoals:4 | Identified the amulet of Xasiff {Reflect SH+5 SInv}
 34194 | Shoals:4 | Identified the +6 flail "Haidikig" {elec, rPois rF+ rCorr}
 34400 | Shoals:4 | Noticed Ilsuiw
 34419 | Shoals:4 | Killed Ilsuiw
 34869 | Shoals:4 | Got a barnacled rune of Zot
 35054 | Shoals:4 | Reached XP level 19. HP: 209/209 MP: 37/42
 35341 | Elf:1    | Entered Level 1 of the Elven Halls
 35545 | Elf:1    | Paralysed by an air elemental for 1 turns
 35846 | Elf:1    | Paralysed by an air elemental for 1 turns
 36026 | Elf:1    | Found Zaifoig's Book Shoppe.
 36028 | Elf:1    | Found Dasutehy's Antique Armour Emporium.
 36028 | Elf:1    | Found Qoblor Orag's Armour Shoppe.
 36031 | Elf:1    | Found Jiarch's Magic Scroll Emporium.
 36050 | Elf:1    | Bought the +3 crown of Dyrovepreva {rElec Int+2 SInv} for
                  | 1283 gold pieces
 36050 | Elf:1    | Found the +3 crown of Dyrovepreva {rElec Int+2 SInv}
 36298 | Elf:1    | Identified the Disquisition on Necromancy
 36610 | Elf:2    | Noticed a Hell Sentinel
 36786 | Elf:2    | Reached skill level 5 in Translocations
 36857 | Elf:2    | Reached skill level 1 in Necromancy
 36913 | Elf:2    | Found a runed translucent gate.
 36914 | Elf:2    | Reached skill level 17 in Summonings
 36914 | Elf:2    | Found a runed translucent gate.
 36914 | Elf:2    | Found a runed translucent gate.
 37173 | Elf:2    | Learned a level 4 spell: Passage of Golubria
 37228 | Elf:2    | Reached skill level 10 in Air Magic
 37995 | Elf:2    | Noticed a Hell Sentinel
 38342 | Elf:2    | Found Ceghis's Antique Armour Shoppe.
 38345 | Elf:2    | Found Puess's Armour Emporium.
 38347 | Elf:2    | Found Edwuhot's Antique Weapon Shoppe.
 38725 | Elf:3    | Entered Level 3 of the Elven Halls
 39010 | Elf:3    | Identified the +1 robe "Fuschasap" {Str+4 Dex+3}
 39877 | Slime:1  | Entered Level 1 of the Pits of Slime
 40335 | Slime:2  | Gained mutation: You sometimes lose the ability to read
                  | scrolls when taking damage. [a shining eye]
 40348 | Slime:2  | Reached XP level 20. HP: 217/223 MP: 25/43
 40802 | Slime:5  | Entered Level 5 of the Pits of Slime
 41084 | Slime:4  | Reached skill level 15 in Spellcasting
 41202 | Slime:3  | Gained mutation: Your spells are a little easier to cast,
                  | but a little less powerful. [a shining eye]
 41203 | Slime:3  | Gained mutation: You are dopey. (Int -2) [a shining eye]
 41507 | Slime:5  | Identified the +8 whip of the Four Stars {flame, +Blink
                  | Int+2}
 41507 | Slime:5  | Identified the ring "Urhamm" {rN+ Will+ SInv}
 41519 | Slime:5  | Noticed the Royal Jelly
 41722 | Slime:5  | Identified the +6 scimitar "Kitorep" {pain, *Noise rPois
                  | rN++ Stlth+}
 41729 | Slime:5  | Reached skill level 18 in Summonings
 41763 | Slime:5  | Paralysed by a great orb of eyes for 4 turns
 41768 | Slime:5  | Splashed with acid

Illustrated notes

Levels and vault maps discovered:
D:1:      lightli_arrival_flooded_house, layout_loops_ring,
          ebering_ecumenical_altar_mist
D:2:      layout_basic, minmay_lizard_pond
D:3:      layout_basic, kennysheep_generic_room_9
D:4:      layout_basic, portal_sewer_entry_e
D:5:      lemuel_castle_with_subvaults [lemuel_castle_interior_carwin_3],
          layout_loops_ring, kennysheep_little_box
D:6:      layout_layer_cave, nicolae_overflow_hidden_temple,
          minmay_temple_entry_tees
D:7:      kennysheep_spiral_hall, layout_loops_corners, uniq_joseph, uniq_pikel,
          uniq_menkaure
D:8:      layout_loops_corners, grunt_temple_overflow_open, special_room
          [special_room_orc], dk_noncrumbling_3
D:9:      layout_loops_corners, enter_bailey_3, wad_floor_pattern_1,
          glass_columns_c, evilmike_butchery
D:10:     layout_irregular_city, minmay_lair_entry_grove, serial_column_ruins,
          column_ruins_square_large, column_ruins_open_medium,
          column_ruins_open_tiny, column_ruins_corridor_straight,
          column_ruins_corridor_dead_end, roderic_batcave
D:11:     layout_grid_maze, david_orc_5, serial_shops, shop
Temple:   oiseaux_autumnal_temple
Lair:1:   layout_chaotic_city, grunt_forest_large_clearing_hut,
          grunt_megastairs_2
Lair:2:   layout_gridlike, grunt_megastairs_3, serial_bayou_shore_a
Lair:3:   layout_hall_layers, nicolae_spider_entry_orb_guardian
Lair:4:   layout_cave_shapes, minmay_shoals_entry_lonely_mermaid,
          chequers_serial_rivers_small_3, nicolae_lair_run_with_the_wolves,
          uniq_nessos
Lair:5:   layout_layer_cave, cheibrodos_lair_caveside_slide
Lair:6:   minmay_lair_end_enchanted_forest, layout_cave_pods, slime_altar_1
Shoals:1: layout_shoals, serial_shops, nicolae_shop_stone
Shoals:2: layout_shoals, nicolae_shoals_nautilus_by_nature
Shoals:3: layout_shoals
Shoals:4: shoals_end_grunt_garden, layout_shoals, shoal_ilsuiw
Spider:1: layout_spider_delve, uniq_josephine
Spider:2: spider_temple_joshua, nicolae_spider_swamp_cousins
Spider:3: layout_spider_delve, nicolae_spider_cling_halls
Spider:4: spider_rune_water, uniq_louise
Slime:1:  nicolae_slime_pool, layout_caves
Slime:2:  layout_caves
Slime:3:  layout_caves
Slime:4:  cheibrodos_slime_lost_civilization_8, layout_caves
Slime:5
Orc:1:    layout_diamond_mine, serial_shops, shop
Orc:2:    grunt_orc_cross, layout_diamond_mine, gammafunk_ghost_grave,
          uniq_donald
Elf:1:    nicolae_elf_arrival_no_cutting_in_line, layout_loops_corners,
          minmay_elf_necromancy, minmay_shoptagon
Elf:2:    nicolae_elf_blades_splatter_lattice [nicolae_blade_tridents],
          layout_gridlike, minmay_shop_star
Elf:3:    nooodl_elf_gasket, layout_geoelf_castle, kilobyte_rumbling_trees

Skill      XL: |  1  2  3  4  5  6  7  8  9 10 11 12 13 14 15 16 17 18 19 20 |
---------------+-------------------------------------------------------------+-----
Fighting       | 1 2 3 4 5 6 7 8 9 10 12 13 14 | 14.1
Summonings     | 4 5 6 7 8 9 10 12 13 14 15 16 17 18 | 18.0
Spellcasting   | 3 4 5 6 7 8 10 11 12 13 14 15 | 15.1
Air Magic      | 1 2 3 4 5 6 7 8 9 10 | 10.8
Shields        | 1 3 5 6 7 |  7.9
Axes           | 1 3 4 |  4.9
Hexes          | 1 3 4 |  4.2
Evocations     | 2 4 5 6 7 |  7.8
Staves         | 1 5 8 10 11 | 11.9
Armour         | 2 4 5 6 7 8 |  8.8
Dodging        | 3 |  3.1
Translocations | 3 5 |  5.0
Necromancy     | 2 |  2.2
Maces & Flails | |  0.4
Stealth        | |  1.4

Action                   |  1- 3 |  4- 6 |  7- 9 | 10-12 | 13-15 | 16-18 | 19-21 || total
-------------------------+-------+-------+-------+-------+-------+-------+-------++-------
Melee: Unarmed           |    20 |       |       |       |       |       |       ||    20
       Whip              |    27 |     3 |       |       |       |       |       ||    30
       Club              |     7 |     6 |       |       |       |       |       ||    13
       Punch             |     1 |       |       |       |       |       |       ||     1
       Hand axe          |       |    20 |    75 |    63 |       |       |       ||   158
       Dagger            |       |    52 |   113 |       |       |       |       ||   165
       Mace              |       |       |    39 |     6 |       |       |       ||    45
       Staff             |       |       |     2 |   235 |   498 |   352 |   328 ||  1415
       Flail             |       |       |     1 |       |       |       |       ||     1
       Spear             |       |       |       |     4 |       |       |       ||     4
Throw: Stone             |     3 |     3 |       |       |       |       |       ||     6
 Cast: Summon Small Mamm |    31 |     4 |     3 |       |     1 |       |       ||    39
       Call Canine Famil |     5 |    27 |    58 |    54 |    11 |     1 |     2 ||   158
       Summon Lightning  |       |     2 |    12 |    64 |   142 |   120 |    33 ||   373
       Summon Guardian G |       |       |     1 |     1 |       |       |       ||     2
       Tukima's Dance    |       |       |       |     3 |       |       |       ||     3
       Anguish           |       |       |       |     1 |     1 |       |       ||     2
       Summon Cactus Gia |       |       |       |     7 |    71 |    43 |    41 ||   162
       Monstrous Menager |       |       |       |     2 |    25 |    27 |    28 ||    82
       Ensorcelled Hiber |       |       |       |     1 |     1 |       |       ||     2
       Summon Hydra      |       |       |       |       |       |    32 |    93 ||   125
       Blink             |       |       |       |       |       |     3 |     1 ||     4
       Passage of Golubr |       |       |       |       |       |       |     1 ||     1
       Airstrike         |       |       |       |       |       |       |     1 ||     1
Invok: Curse Item        |       |       |     2 |     7 |     2 |     1 |     1 ||    13
       Shatter the Chain |       |       |       |     1 |     2 |     1 |     1 ||     5
Evoke: Wand              |       |       |       |       |     1 |     1 |       ||     2
  Use: Scroll            |     2 |     1 |     5 |     2 |     5 |     3 |     5 ||    23
       Potion            |       |       |     2 |    11 |     8 |     4 |     5 ||    30
 Stab: Distracted        |     1 |       |     3 |     6 |     8 |     8 |     8 ||    34
       Sleeping          |       |     1 |       |       |     1 |       |     1 ||     3
       Paralysed         |       |       |       |       |       |       |     2 ||     2
Armor: Robe              |    20 |    20 |   100 |    65 |    21 |       |       ||   226
       Skin              |       |       |       |     1 |       |       |       ||     1
       Troll leather arm |       |       |       |       |   118 |    22 |       ||   140
       Pearl dragon scal |       |       |       |       |       |   222 |   188 ||   410
Dodge: Dodged            |    24 |    37 |    89 |    75 |   134 |   121 |   107 ||   587
Block: Kite shield       |       |       |   142 |   332 |   521 |   502 |   367 ||  1864
       Reflection        |       |       |     1 |    12 |     9 |    53 |    42 ||   117
